 Dungeon Crawl Stone Soup version 0.26.1-11-gd32895ea62 (webtiles) character file.

Game seed: 7804922066572511734

117 nothank2 the Magician (level 4, -2/24 HPs)
             Began as a Deep Elf Fire Elementalist on July 15, 2021.
             Killed from afar by an orc wizard (5 damage)
             ... with a magic dart
             ... on level 4 of the Dungeon.
             The game lasted 00:13:57 (3265 turns).

nothank2 the Magician (Deep Elf Fire Elementalist)  Turns: 3265, Time: 00:13:58

Health: -2/24      AC:  2    Str:  5    XL:     4   Next: 71%
Magic:  10/12      EV: 28    Int: 21    God:
Gold:   130        SH:  0    Dex: 15    Spells: 4/12 levels left

rFire    . . .     SeeInvis .   p - +3 dagger
rCold    . . .     Faith    .   (no shield)
rNeg     . . .     Spirit   .   a - +0 robe
rPois    .         Reflect  .   (no helmet)
rElec    .         Harm     .   (no cloak)
rCorr    .         Rampage  .   (no gloves)
Will     +....                  (no boots)
Stlth    ++........             d - amulet of the acrobat
HPRegen  0.08/turn              f - ring of willpower
MPRegen  0.13/turn              (no ring)

@: acrobat
A: no striking features
a: no special abilities


You were on level 4 of the Dungeon.
You visited 1 branch of the dungeon, and saw 4 of its levels.

You collected 130 gold pieces.

Inventory:

Hand Weapons
 c - a +0 hand axe
 i - a +0 quarterstaff
 p - a +3 dagger (weapon)
Armour
 a - a +0 robe (worn)
Jewellery
 d - an amulet of the acrobat (around neck)
 f - a ring of willpower (left hand)
 k - an uncursed ring of poison resistance {unknown}
Wands
 o - a wand of random effects (18)
Scrolls
 b - 10 scrolls of identify {unknown}
 e - a scroll of teleportation {unknown}
 j - a scroll of fog {unknown}
 m - a scroll of random uselessness {unknown}
 n - 3 scrolls of remove curse {unknown}
Potions
 g - 2 potions of might {unknown}
 h - 3 potions of curing {unknown}
 l - a potion of ambrosia {unknown}
 q - a potion of lignification {unknown}


   Skills:
 - Level 2.4 Dodging
 - Level 2.4 Stealth
 + Level 4.5 Spellcasting
 + Level 3.0 Conjurations
 + Level 4.3 Fire Magic


You had 4 spell levels left.
You knew the following spells:

 Your Spells              Type           Power        Failure   Level
a - Foxfire               Conj/Fire      80%          2%          1
b - Conjure Flame         Conj/Fire      20%          8%          3
c - Sticky Flame          Conj/Fire      20%          24%         4

Your spell library contained the following spells:

 Spells                   Type           Power        Failure   Level
 Inner Flame              Hex/Fire       14%          14%         3
 Fireball                 Conj/Fire      10%          56%         5


Dungeon Overview and Level Annotations

Branches:
Dungeon (4/15)
 Temple: D:4-7

Altars:


Message History

You conjure some foxfire!
The orc shouts!
The orc misses you.
The orc wizard hits you with a +0 dagger.
The orc throws a boomerang.
The boomerang hits you.
The weapon returns to the orc!
You closely miss the orc wizard.
The orc wizard is heavily wounded.
The foxfire hits the orc wizard.
The orc wizard is severely wounded.
The foxfire hits the orc wizard.
The orc wizard is severely wounded.
The orc wizard hits you but does no damage.
The orc throws a boomerang.
The boomerang hits you.
The weapon returns to the orc!
The orc hits you from afar with a +0 trident!
* * * LOW HITPOINT WARNING * * *
The orc wizard gestures at you while chanting.
The magic dart hits you.
You die...

.#... .####.###
.....###!..ยง..>.
#...#..###o#
#.......#
#....o..#
###.o####
#.####..#
#.......###
#####.@...#
#.....# #.....#
#<....# #.....#
#######


You could see an orc wizard and an orc.

Vanquished Creatures
  3 gnolls (D:3)
  An adder (D:2)
  An ooze (D:2)
  2 worms
  4 leopard geckos
  2 orcs (D:3)
  2 giant cockroaches (D:2)
  8 goblins
  6 hobgoblins
  7 jackals
  A quokka (D:2)
  2 ball pythons (D:3)
  6 bats
  10 frilled lizards
  5 kobolds
  3 rats
63 creatures vanquished.

Vanquished Creatures (others)
  111 foxfires
  5 plants (D:1)
116 creatures vanquished.

Grand Total: 179 creatures vanquished

Notes
Turn   | Place    | Note
-------+----------+-------------------------------------------
     0 | D:1      | nothank2 the Deep Elf Fire Elementalist began the quest for
                  | the Orb.
     0 | D:1      | Reached XP level 1. HP: 10/10 MP: 6/6
   130 | D:1      | Reached XP level 2. HP: 15/15 MP: 0/8
   441 | D:1      | You fall into a shaft and drop 1 floor!
  1154 | D:2      | Reached XP level 3. HP: 8/19 MP: 10/10
  1900 | D:2      | Learned a level 3 spell: Conjure Flame
  2093 | D:3      | Reached XP level 4. HP: 24/24 MP: 8/12
  3186 | D:3      | Learned a level 4 spell: Sticky Flame
  3265 | D:4      | Killed from afar by an orc wizard

Illustrated notes

Levels and vault maps discovered:
D:1:      shiori_arrival_maze, layout_rooms, minmay_lizard_king
D:2:      layout_rooms, minmay_tetromino_l4
D:3:      layout_loops_cross
D:4:      layout_loops_cross, nicolae_overflow_quartered_altars,
          minmay_starry_boxes

Skill      XL: |  1  2  3  4 |
---------------+-------------+-----
Conjurations   | 2 3 |  3.0
Spellcasting   | 4 |  4.5
Fire Magic     | 4 |  4.3
Dodging        | |  2.4
Stealth        | |  2.4

Action                   |  1- 3 |  4- 6 || total
-------------------------+-------+-------++-------
Melee: Hand axe          |    53 |       ||    53
       Quarterstaff      |     4 |     7 ||    11
       Dagger            |       |    46 ||    46
 Cast: Foxfire           |    47 |    23 ||    70
       Conjure Flame     |       |     1 ||     1
 Stab: Sleeping          |     1 |     1 ||     2
Armor: Robe              |     9 |     9 ||    18
Dodge: Dodged            |    89 |    50 ||   139
